 Dungeon Crawl Stone Soup version 0.29.1-13-g9f3cf754e1 (webtiles) character file.

Game seed: 14729727806685475688

42326 DemonSlayer the Thaumaturge (level 13, -1/90 HPs)
             Began as a Demonspawn Earth Elementalist on Jan 25, 2023.
             Was a High Priest of Cheibriados.
             Slain by a death yak (49 damage)
             ... on level 5 of the Lair of Beasts.
             The game lasted 00:44:34 (18946 turns).

DemonSlayer the Thaumaturge (DsEE)                 Turns: 18946, Time: 00:44:34

Health: -1/90      AC: 23    Str: 38    XL:     13   Next: 84%
Magic:  29/29      EV:  2    Int: 23    God:    Cheibriados [*****.]
Gold:   1227       SH:  0    Dex: 29    Spells: 5/36 levels left

rFire   + + +      SeeInvis .   D - +6 whip of Grace {vorpal, rElec Str+4}
rCold   x . .      Faith    .   d - +0 buckler "Umuppamn" {+Blink rF++ Int-5 Dex+4}
rNeg    . . .      Spirit   .   l - +0 swamp dragon scales
rPois   +          Reflect  .   J - +1 hat
rElec   +          Harm     .   w - scarf {repulsion}
rCorr   +          Rampage  .   o - +0 pair of gloves
Will    .....                   E - +2 pair of boots
Stlth   +++++.....              g - amulet "Taqops" {RegenMP rC- rCorr Str+10}
HPRegen 0.25/turn               r - ring of protection from fire
MPRegen 0.61/turn               b - +4 ring of evasion

@: sleeping, sanguine armoured, repel missiles, very slow
A: horns 1, spiny 2, sanguine armour 2, demonic magic 2, corrupting presence 1
a: Renounce Religion, Evoke Blink, Bend Time, Temporal Distortion, Slouch, Step
From Time


You were on level 5 of the Lair of Beasts.
You worshipped Cheibriados.
Cheibriados was extremely pleased with you.
You visited 3 branches of the dungeon, and saw 16 of its levels.

You collected 1227 gold pieces.

Inventory:

Hand Weapons
 a - a +0 dagger of flaming
 C - a +4 dagger
 D - the +6 whip of Grace (weapon) {vorpal, rElec Str+4}
   (You found it on level 8 of the Dungeon)

   It inflicts extra damage upon your enemies.
   Str:       It affects your strength (+4).
   rElec:     It insulates you from electricity.
Missiles
 m - 4 throwing nets
 H - 6 atropa-tipped darts
 I - 3 curare-tipped darts
Armour
 d - the +0 buckler "Umuppamn" (worn) {+Blink rF++ Int-5 Dex+4}
   (You acquired it on level 5 of the Dungeon)

   Int:       It affects your intelligence (-5).
   Dex:       It affects your dexterity (+4).
   rF:        It greatly protects you from fire.
   +Blink:    It lets you blink.
 l - +0 swamp dragon scales (worn)
 o - a +0 pair of gloves (worn)
 w - a scarf of repulsion (worn)
 E - a +2 pair of boots (worn)
 J - a +1 hat (worn)
Jewellery
 b - a +4 ring of evasion (right hand)
 g - the amulet "Taqops" (around neck) {RegenMP rC- rCorr Str+10}
   (You acquired it on level 5 of the Lair of Beasts)

   [amulet of magic regeneration]

   It increases your rate of magic regeneration.
   Str:       It affects your strength (+10).
   rC:        It makes you vulnerable to cold.
   rCorr:     It protects you from acid and corrosion.
 r - a ring of protection from fire (left hand)
 F - a ring of resist corrosion
Wands
 u - a wand of flame (22)
 z - a wand of paralysis (17)
 N - a wand of polymorph (1)
 O - a wand of digging (4)
Scrolls
 c - 2 scrolls of vulnerability
 h - 2 scrolls of amnesia
 i - a scroll of blinking {unknown}
 p - a scroll of brand weapon {unknown}
 s - 5 scrolls of teleportation
 x - 2 scrolls of butterflies
 y - 3 scrolls of enchant armour
 K - 3 scrolls of identify
 L - a scroll of silence
Potions
 e - 4 potions of lignification
 f - a potion of resistance
 j - 2 potions of heal wounds
 k - 3 potions of mutation
 n - 3 potions of brilliance
 q - 2 potions of curing
 B - a potion of flight
 G - a potion of ambrosia
 M - a potion of invisibility
Miscellaneous
 A - a phantom mirror


   Skills:
 + Level 4.6 Fighting
 + Level 4.6 Short Blades
 + Level 2.0 Maces & Flails
 + Level 0.5 Throwing
 + Level 6.9 Armour
 + Level 5.0 Dodging
 + Level 10.9 Stealth
 + Level 3.0 Shields
 + Level 12.4 Spellcasting
 + Level 3.6 Conjurations
 + Level 0.8 Transmutations
 + Level 11.3 Earth Magic
 + Level 0.5 Evocations


You had 5 spell levels left.
You knew the following spells:

 Your Spells              Type           Power      Damage    Failure   Level
a - Sandblast             Erth           100%       2d20      1%          1
b - Passwall              Tmut/Erth      35%        N/A       1%          2
c - Stone Arrow           Conj/Erth      96%        3d13      1%          3
d - Petrify               Tmut/Erth      42%        N/A       6%          4
e - Tukima's Dance        Hex            14%        N/A       22%         3
f - Summon Hydra          Summ           7%         N/A       100%        7
g - Teleport Other        Tloc           14%        N/A       22%         3
h - Blink                 Tloc           28%        N/A       11%         2
i - Dispersal             Tloc           7%         N/A       100%        6

Your spell library contained the following spells:

 Spells                   Type           Power      Damage    Failure   Level
 Leda's Liquefaction      Hex/Erth       20%        N/A       7%          4
 Ensorcelled Hibernation  Hex/Ice        28%        N/A       11%         2
 Sublimation of Blood     Necr           14%        N/A       11%         2
 Spider Form              Tmut/Pois      16%        N/A       19%         3
 Borgnjor's Vile Clutch   Necr/Erth      20%        N/A       21%         5
 Gell's Gravitas          Tloc           14%        N/A       22%         3
 Lesser Beckoning         Tloc           14%        N/A       22%         3
 Anguish                  Hex/Necr       7%         N/A       58%         4
 Passage of Golubria      Tloc           14%        N/A       58%         4
 Irradiate                Conj/Tmut      12%        3d15      63%         5
 Yara's Violent Unravell  Hex/Tmut       8%         3d5       86%         5
 Manifold Assault         Tloc           14%        N/A       90%         5
 Summon Forest            Summ/Tloc      7%         N/A       90%         5
 Eringya's Noxious Bog    Tmut/Pois      8%         N/A       100%        6
 Ignition                 Fire           7%         3d4       100%        8


Dungeon Overview and Level Annotations

Branches:
Dungeon (10/15)            Temple (1/1) D:4            Lair (5/5) D:9
  Swamp (0/4) Lair:2       Spider (0/4) Lair:3
  Slime: Lair:4-5       Orc: D:9-12

Altars:
Ashenzari
Cheibriados
Dithmenos
Fedhas
Gozag
Hepliaklqana
Kikubaaqudgha
Makhleb
Nemelex Xobeh
Okawaru
Qazlal
Ru
Sif Muna
Trog
Uskayaw
Vehumet
Wu Jian
Xom
Yredelemnul

Shops:
D:9 =:

Portals:
Hell: Lair:5

Annotations:
Lair:5 exclusion: oklob plant


Innate Abilities, Weirdness & Mutations

You have a pair of small horns on your head.
You are mostly covered in sharp spines.
When seriously injured, your blood forms thick armour. (AC +9)
Spells you cast may paralyse nearby enemies.
Your presence sometimes corrodes those you injure.


Message History

Done waiting.
Okay, then.
Something appears at your feet!
g - the amulet "Taqops" {RegenMP rC- rCorr Str+10}
Okay, then.
You start putting on your amulet.
You continue putting on the amulet "Taqops" {RegenMP rC- rCorr Str+10}. x5
You finish putting on the amulet "Taqops" {RegenMP rC- rCorr Str+10}.
You feel stronger.
g - the amulet "Taqops" (around neck) {RegenMP rC- rCorr Str+10} Unknown command.
Okay, then.
Okay, then.
A death yak is nearby!
A death yak is nearby!
A death yak is nearby!
No target in view!
The death yak bellows!
You hear a bellow!
The dream sheep bleats!
You hear a bellow!
The dream sheep shake their wool and sparkle.
You feel drowsy...
You fall asleep.
The death yak is struck by your spines. The death yak gores you!!!
You wake up.
Your blood congeals into armour.
The death yak bellows!
The dream sheep bleats!
You hear a bleat!
Unknown command.
You barely miss the death yak.
You headbutt the death yak, but do no damage.
The death yak is lightly wounded.
You block the death yak's attack. The yak misses you.
You hit the death yak. You headbutt the death yak.
The death yak is moderately wounded.
The yak closely misses you. The death yak barely misses you.
You hit the death yak.
You headbutt the death yak, but do no damage.
The death yak is moderately wounded.
The dream sheep shake their wool and sparkle.
You feel drowsy...
You fall asleep.
The death yak is struck by your spines. The death yak gores you!!!
Ouch! That really hurt!
You die...

##♣.#♣......... ##..[.......#
#####P..#........
......#######................
.#.......##.#.................
.........#........###........
###......###..................
#....)...##.........(#........
#.....#...##Y@.......##.......
##.........#YY......###.......
#........Y.YY......#..........
##........Y.Y.......#...#.....
##....................##P....
#......Y............######..
#....Y.............## #...
#.....$Y...<.......#.# ##...
###...........(..##.## #....


You could see 2 death yaks, 3 yaks and 5 dream sheep.

Vanquished Creatures
  Kirke (Lair:5)
  Harold (D:9)
  A boulder beetle (Lair:3)
  4 hydras
  3 two-headed ogres
  8 death yaks
  Urug (Lair:5)
  Sonja (Lair:2)
  Nergalle (Lair:3)
  A sun demon (Lair:5)
  A wizard (Lair:5)
  Pikel (D:5)
  An elephant (Lair:5)
  A black mamba (Lair:2)
  13 cane toads
  Maggie (D:6)
  3 orange demons (Lair:5)
  6 rime drakes
  8 komodo dragons
  A hellwing (Lair:5)
  2 ice devils (Lair:5)
  A red devil (Lair:5)
  A troll (D:10)
  3 polar bears
  2 hornets
  Prince Ribbit (D:7)
  18 blink frogs
  4 dream sheep (Lair:4)
  2 culicivoras (Lair:3)
  6 wyverns
  25 yaks
  Eustachio (D:5)
  3 basilisks
  3 hogs (Lair:5)
  3 steam dragons
  Menkaure (D:7)
  Duvessa (D:7)
  2 acid dragons
  4 hell hounds (Lair:5)
  10 water moccasins
  7 black bears
  2 sky beasts
  2 orc warriors
  12 wolves
  2 centaurs
  An ogre (D:6)
  3 kobold brigands (D:9)
  Blork the orc (D:5)
  8 bullfrogs
  2 scorpions
  5 wights (D:7)
  Dowan (D:7)
  11 killer bees
  2 electric eels (Lair:4)
  4 hounds
  2 iguanas
  Ijyb (D:3)
  6 hell rats (Lair:4)
  Natasha (thrice) (D:2)
  11 orc wizards
  12 gnolls
  4 adders
  A shadow imp (D:6)
  2 worms (D:4)
  A dart slug (D:3)
  25 orcs
  3 ball pythons
  2 endoplasms (D:2)
  5 goblins
  6 hobgoblins
  8 quokkas
  4 bats
  4 frilled lizards
  20 kobolds
  5 rats
339 creatures vanquished.

Vanquished Creatures (others)
  41 fungi
  58 plants
99 creatures vanquished.

Grand Total: 438 creatures vanquished

Notes
Turn   | Place    | Note
-------+----------+-------------------------------------------
     0 | D:1      | DemonSlayer the Demonspawn Earth Elementalist began the
                  | quest for the Orb.
     0 | D:1      | Reached XP level 1. HP: 13/13 MP: 3/3
   496 | D:1      | Gained mutation: You are partially covered in sharp spines.
                  | [demonic ancestry]
   496 | D:1      | Reached XP level 2. HP: 19/19 MP: 3/5
   499 | D:1      | Learned a level 2 spell: Passwall
   979 | D:1      | Found a faded altar of an unknown god.
  1168 | D:2      | Reached XP level 3. HP: 22/24 MP: 0/6
  1289 | D:2      | Noticed Natasha
  1295 | D:2      | Killed Natasha
  1336 | D:2      | Noticed Natasha
  1341 | D:2      | Killed Natasha
  1342 | D:2      | Gained mutation: You have a pair of small horns on your
                  | head. [demonic ancestry]
  1342 | D:2      | Reached XP level 4. HP: 21/30 MP: 4/8
  1625 | D:2      | Reached skill level 3 in Spellcasting
  1836 | D:2      | Noticed Natasha
  1841 | D:2      | Killed Natasha
  2133 | D:2      | Learned a level 3 spell: Stone Arrow
  2180 | D:3      | Found a burning altar of Makhleb.
  2294 | D:3      | Gained mutation: Spells you cast may paralyse adjacent
                  | enemies. [demonic ancestry]
  2294 | D:3      | Reached XP level 5. HP: 35/35 MP: 4/10
  2779 | D:3      | Noticed Ijyb
  2789 | D:3      | Killed Ijyb
  3277 | D:3      | Reached skill level 4 in Spellcasting
  3388 | D:3      | Reached XP level 6. HP: 41/41 MP: 10/12
  3542 | D:3      | Learned a level 4 spell: Petrify
  3546 | D:3      | Learned a level 3 spell: Tukima's Dance
  3754 | D:4      | Found a staircase to the Ecumenical Temple.
  4659 | Temple   | Entered the Ecumenical Temple
  4755 | D:5      | Entered Level 5 of the Dungeon
  4941 | D:5      | Reached skill level 1 in Armour
  4941 | D:5      | Reached skill level 5 in Earth Magic
  4962 | D:5      | Noticed Eustachio
  4980 | D:5      | Killed Eustachio
  4981 | D:5      | Gained mutation: Spells you cast may paralyse nearby
                  | enemies. [demonic ancestry]
  4981 | D:5      | Reached XP level 7. HP: 37/47 MP: 10/14
  5055 | D:5      | Noticed Pikel
  5063 | D:5      | Killed Pikel
  5064 | D:5      | Reached skill level 1 in Fighting
  5064 | D:5      | Reached skill level 1 in Short Blades
  5064 | D:5      | Reached skill level 5 in Spellcasting
  5064 | D:5      | Reached XP level 8. HP: 54/54 MP: 12/16
  5178 | D:5      | Noticed Blork the orc
  5188 | D:5      | Killed Blork the orc
  5899 | D:5      | Identified a scroll of acquirement
  5899 | D:5      | Acquired the +0 buckler "Umuppamn" {+Blink rF++ Int-5
                  | Dex+4}
  6196 | D:6      | Reached skill level 6 in Spellcasting
  6227 | D:6      | Noticed Maggie
  6238 | D:6      | Killed Maggie
  6239 | D:6      | Reached skill level 5 in Stealth
  6362 | Temple   | Became a worshipper of Cheibriados the Contemplative
  6449 | D:6      | HP: 2/54 [ogre/+0 giant club (33)]
  7140 | D:7      | Gained mutation: When seriously injured, your blood forms
                  | armour. (AC +9) [demonic ancestry]
  7140 | D:7      | Reached XP level 9. HP: 59/59 MP: 18/18
  7302 | D:7      | Noticed Duvessa
  7303 | D:7      | Noticed Dowan
  7313 | D:7      | Killed Duvessa
  7319 | D:7      | Killed Dowan
  7510 | D:7      | Noticed a two-headed ogre
  7516 | D:7      | Killed a two-headed ogre
  7517 | D:7      | Reached skill level 7 in Spellcasting
  7958 | D:7      | Noticed Menkaure
  7960 | D:7      | Killed Menkaure
  8053 | D:7      | Noticed Prince Ribbit
  8055 | D:7      | Killed Prince Ribbit
  8133 | D:7      | Learned a level 7 spell: Summon Hydra
  8191 | D:8      | Reached XP level 10. HP: 67/67 MP: 17/21
  8263 | D:8      | Reached * piety under Cheibriados
  8279 | D:8      | Reached skill level 8 in Spellcasting
  8480 | D:8      | You fall into a shaft and drop 2 floors!
  8480 | D:10     | Entered Level 10 of the Dungeon
  8492 | D:10     | Noticed a two-headed ogre
  8498 | D:10     | Killed a two-headed ogre
  8655 | D:10     | Reached skill level 1 in Shields
  8735 | D:9      | Found Ismav's Jewellery Boutique.
  8779 | D:9      | Noticed a two-headed ogre
  8798 | D:8      | Identified the +6 whip of Grace {vorpal, rElec Str+4}
  8826 | D:8      | Found a stormy altar of Qazlal.
  8910 | D:8      | Identified the +2 leather armour of Osatz {Stlth+}
  9087 | D:8      | Found a bloodstained altar of Trog.
  9089 | D:8      | Found a hide-covered altar of Uskayaw.
  9090 | D:8      | Found an iron altar of Okawaru.
  9090 | D:8      | Found a shimmering altar of Xom.
  9091 | D:8      | Found a shimmering blue altar of Sif Muna.
  9091 | D:8      | Found an opulent altar of Gozag.
  9465 | D:9      | Reached skill level 1 in Maces & Flails
  9516 | D:9      | Found a staircase to the Lair.
  9861 | D:9      | Killed a two-headed ogre
  9862 | D:9      | Reached skill level 9 in Spellcasting
  9982 | D:9      | Noticed Harold
 10003 | D:9      | Killed Harold
 10004 | D:9      | Gained mutation: When seriously injured, your blood forms
                  | thick armour. (AC +9) [demonic ancestry]
 10004 | D:9      | Reached XP level 11. HP: 43/75 MP: 20/24
 10162 | D:9      | Reached ** piety under Cheibriados
 10279 | D:9      | Found Horufiu's Book Boutique.
 11002 | Lair:1   | Entered Level 1 of the Lair of Beasts
 12004 | Lair:1   | Learned a level 3 spell: Teleport Other
 12082 | Lair:2   | Reached skill level 10 in Spellcasting
 12106 | Lair:2   | Reached skill level 5 in Armour
 12319 | Lair:2   | Noticed a four-headed hydra
 12323 | Lair:2   | Killed a four-headed hydra
 12412 | Lair:2   | Found a staircase to the Swamp.
 12668 | Lair:2   | Gained mutation: Your presence sometimes corrodes those you
                  | injure. [demonic ancestry]
 12668 | Lair:2   | Reached XP level 12. HP: 69/81 MP: 21/26
 12717 | Lair:2   | Noticed Sonja
 12723 | Lair:2   | Killed Sonja
 13125 | Lair:3   | Reached skill level 10 in Earth Magic
 13276 | Lair:3   | Reached *** piety under Cheibriados
 13278 | Lair:3   | Reached skill level 11 in Spellcasting
 13391 | Lair:3   | Found a hole to the Spider Nest.
 13699 | Lair:3   | Noticed a boulder beetle
 13703 | Lair:3   | Noticed Nergalle
 13707 | Lair:3   | Killed a boulder beetle
 13718 | Lair:3   | Killed Nergalle
 14136 | Lair:3   | Learned a level 2 spell: Blink
 14143 | Lair:3   | Learned a level 6 spell: Dispersal
 14462 | Lair:4   | Noticed a death yak
 14463 | Lair:4   | Noticed a death yak
 14468 | Lair:4   | Noticed a death yak
 14491 | Lair:5   | Entered Level 5 of the Lair of Beasts
 14491 | Lair:5   | Noticed a death yak
 14491 | Lair:5   | Noticed a death yak
 14491 | Lair:5   | Noticed a death yak
 14491 | Lair:5   | Noticed a death yak
 14491 | Lair:5   | Noticed a death yak
 14909 | Lair:5   | Noticed Urug
 14938 | Lair:5   | Killed Urug
 15034 | Lair:5   | Noticed Kirke
 15209 | Lair:4   | Reached **** piety under Cheibriados
 15480 | Lair:4   | Noticed a death yak
 15489 | Lair:4   | Noticed a death yak
 15493 | Lair:4   | Killed a death yak
 15493 | Lair:4   | Noticed a death yak
 15494 | Lair:4   | Reached skill level 10 in Stealth
 15494 | Lair:4   | Gained mutation: You are mostly covered in sharp spines.
                  | [demonic ancestry]
 15494 | Lair:4   | Reached XP level 13. HP: 71/88 MP: 6/28
 15513 | Lair:4   | Reached skill level 1 in Conjurations
 16654 | Lair:4   | Reached skill level 12 in Spellcasting
 17147 | Lair:5   | Killed Kirke
 18079 | Lair:5   | Found a burning altar of Makhleb.
 18291 | Lair:5   | Found a gateway to Hell.
 18299 | Lair:5   | Got the Grimoire of the True Pharaoh
 18387 | Lair:5   | Reached skill level 5 in Dodging
 18395 | Lair:5   | Reached ***** piety under Cheibriados
 18914 | Lair:5   | Acquired the amulet "Taqops" {RegenMP rC- rCorr Str+10}
 18946 | Lair:5   | Slain by a death yak

Illustrated notes

Levels and vault maps discovered:
D:1:      minmay_arrival_three_doors, layout_loops_cross,
          shapermc_ecumenical_altar_flowoftime, hex_medium,
          minmay_close_crescents
D:2:      layout_loops_ring, uniq_natasha
D:3:      layout_rooms, mainiacjoe_overflow_alcove_2, elyvilon_altar_3,
          minmay_misc_feat_doors, kennysheep_donut, uniq_ijyb
D:4:      layout_loops_ring, temple_doors_e
D:5:      layout_cave_pods, uniq_pikel, uniq_eustachio, uniq_blork_the_orc
D:6:      layout_basic, minivault_25, nicolae_titane, uniq_maggie
D:7:      layout_loops_cross, uniq_menkaure, uniq_duvessa, uniq_prince_ribbit1
D:8:      layout_rooms, grunt_temple_overflow_open, nicolae_fountain_basement
D:9:      layout_stronghold, minmay_lair_entry_grove, serial_shops,
          nicolae_stop_n_shop_2, nicolae_shop_crystal, uniq_harold
D:10:     layout_loops_ring, zin_angel, minivault_4
Temple:   hellmonk_temple_of_storms
Lair:1:   layout_hall_layers
Lair:2:   layout_misc_corridors, swamp_mist, uniq_sonja
Lair:3:   layout_hall_layers, hellmonk_spider_entry_life_and_decay,
          lightli_volcano_entry_magma_tube, nzn_sisyphean_effort,
          infiniplex_staircase_pool, uniq_nergalle
Lair:4:   layout_long_grid, serial_bayou_lagoon_b
Lair:5:   evil_forest, layout_misc_corridors, slime_entry_2,
          lemuel_fruit_fields, uniq_kirke, uniq_urug

Skill      XL: |  1  2  3  4  5  6  7  8  9 10 11 12 13 |
---------------+----------------------------------------+-----
Dodging        | 2 3 4 5 |  5.0
Earth Magic    | 3 4 5 6 7 8 9 10 11 | 11.3
Spellcasting   | 3 4 5 6 7 9 10 11 12 | 12.4
Stealth        | 2 4 5 6 7 9 10 | 10.9
Armour         | 1 2 3 4 5 6 |  6.9
Fighting       | 1 2 3 4 |  4.6
Short Blades   | 1 2 3 4 |  4.6
Shields        | 1 2 3 |  3.0
Maces & Flails | 1 2 |  2.0
Conjurations   | 3 |  3.6
Throwing       | |  0.5
Transmutations | |  0.8
Evocations     | |  0.5

Action                   |  1- 3 |  4- 6 |  7- 9 | 10-12 | 13-15 || total
-------------------------+-------+-------+-------+-------+-------++-------
Melee: Unarmed           |     1 |       |       |       |       ||     1
       Short sword       |     7 |    11 |       |       |       ||    18
       Headbutt          |       |     5 |     5 |    20 |    22 ||    52
       Dagger            |       |    13 |    32 |    94 |    35 ||   174
       Whip              |       |       |       |    58 |    35 ||    93
Throw: Dart              |       |       |       |    10 |       ||    10
       Throwing net      |       |       |       |     3 |       ||     3
 Cast: Sandblast         |    38 |    84 |    72 |   236 |       ||   430
       Stone Arrow       |       |       |       |    31 |    82 ||   113
Evoke: Wand              |       |       |       |       |     4 ||     4
  Use: Potion            |     1 |       |       |     1 |     8 ||    10
       Scroll            |       |       |    19 |    13 |     3 ||    35
 Stab: Paralysed         |       |    17 |    17 |    70 |    18 ||   122
       Sleeping          |       |       |     8 |     9 |     5 ||    22
Armor: Robe              |     9 |     2 |       |       |       ||    11
       Leather armour    |       |     2 |       |       |       ||     2
       Swamp dragon scal |       |       |     9 |    94 |    70 ||   173
Dodge: Dodged            |    16 |    41 |    45 |   263 |   120 ||   485
       Repelled          |       |     1 |       |     1 |     4 ||     6
Block: Buckler           |       |       |     8 |    86 |    47 ||   141
